 Dungeon Crawl Stone Soup version 0.28.0-47-ge53b351184 (webtiles) character file.

Game seed: 6148029283027738064

5361 Exodus22XD the Thaumaturge (level 10, 0/50 HPs)
             Began as a Deep Elf Conjurer on Apr 29, 2022.
             Was a Believer of Vehumet.
             Slain by a centaur (2 damage)
             ... on level 9 of the Dungeon.
             The game lasted 00:27:46 (9060 turns).

Exodus22XD the Thaumaturge (Deep Elf Conjurer)      Turns: 9060, Time: 00:27:51

Health: 0/50       AC:  5    Str: 10    XL:     10   Next: 39%
Magic:  25/28      EV: 16    Int: 28    God:    Vehumet [**....]
Gold:   305        SH:  0    Dex: 13    Spells: 30/33 levels left

rFire   + . .      SeeInvis .   i - staff of poison
rCold   . . .      Faith    .   (no shield)
rNeg    . . .      Spirit   .   a - +1 robe
rPois   +          Reflect  .   B - +2 hat {Stlth+}
rElec   .          Harm     .   (no cloak)
rCorr   .          Rampage  .   (no gloves)
Will    +....                   (no boots)
Stlth   +++.......              c - amulet of regeneration
HPRegen 0.96/turn               m - +6 ring of strength
MPRegen 0.21/turn               p - ring of protection from fire

@: no status effects
A: no striking features
a: Renounce Religion


You were on level 9 of the Dungeon.
You worshipped Vehumet.
Vehumet was pleased with you.
You visited 2 branches of the dungeon, and saw 10 of its levels.

You collected 305 gold pieces.

Inventory:

Hand Weapons
 z - a +0 dagger of protection
Armour
 a - a +1 robe (worn)
 B - a +2 hat of stealth (worn)
Magical Staves
 i - a staff of poison (weapon)
 s - a staff of poison
Jewellery
 c - an amulet of regeneration (around neck)
 m - a +6 ring of strength (left hand)
 p - a ring of protection from fire (right hand)
Wands
 l - a wand of flame (16)
 w - a wand of digging (4)
 C - a wand of polymorph (12)
Scrolls
 b - 5 scrolls of enchant armour
 g - a scroll of magic mapping
 h - a scroll of fog
 j - 2 scrolls of acquirement {unknown}
 k - 2 scrolls of torment {unknown}
 n - 2 scrolls of teleportation
 t - a scroll of holy word {unknown}
 y - a scroll of immolation {unknown}
Potions
 d - a potion of lignification
 f - a potion of brilliance
 o - a potion of cancellation {unknown}
 q - a potion of heal wounds {unknown}
 v - 2 potions of haste
 x - a potion of attraction {unknown}
 A - a potion of invisibility {unknown}
 D - a potion of curing


   Skills:
 - Level 10.0 Dodging
 - Level 2.4 Stealth
 - Level 12.1 Spellcasting
 - Level 11.0 Conjurations
 + Level 2.8 Evocations


You had 30 spell levels left.
You knew the following spells:

 Your Spells              Type           Power      Damage    Failure   Level
a - Magic Dart            Conj           100%       1d8       1%          1
b - Searing Ray           Conj           100%       2d8       1%          2

Your spell library contained the following spells:

 Spells                   Type           Power      Damage    Failure   Level
 Static Discharge         Conj/Air       48%        N/A       1%          2
 Dazzling Flash           Conj/Hex       96%        N/A       1%          3
 Fulminant Prism          Conj/Hex       24%        3d13      3%          4
 Iskenderun's Mystic Bla  Conj/Tloc      48%        2d11      3%          4
 Sublimation of Blood     Necr           17%        N/A       4%          2
 Wereblood                Tmut           17%        N/A       4%          2
 Summon Hydra             Summ           8%         N/A       100%        7


Dungeon Overview and Level Annotations

Branches:
Dungeon (9/15)             Temple (1/1) D:6
   Lair: D:8-11         Orc: D:9-12

Altars:
Ashenzari
Cheibriados
Dithmenos
Elyvilon
Gozag
Kikubaaqudgha
Makhleb
Okawaru
Ru
Sif Muna
Trog
Uskayaw
Vehumet
Wu Jian
Xom
Zin
The Shining One


Message History

a +0 club; a kobold corpse
Items here: ( )) †.
A wyvern comes into view.
Casting: Searing Ray (safe; 1% risk of failure)
Confirm with . or Enter, or press ? or * to list all spells.
Okay, then.
Casting: Searing Ray (safe; 1% risk of failure)
Confirm with . or Enter, or press ? or * to list all spells.
Aiming: Magic Dart (safe; 1% risk of failure)
Press: ? - help, Shift-Dir - straight line, f - wyvern
Aim: a wyvern (asleep, 100% to hit)
The magic dart hits the wyvern.
The wyvern is lightly wounded.
The wyvern hisses angrily.
Casting: Magic Dart (safe; 1% risk of failure)
Confirm with . or Enter, or press ? or * to list all spells.
Aiming: Searing Ray (safe; 1% risk of failure)
Press: ? - help, Shift-Dir - straight line, f/p - wyvern
Aim: a wyvern (lightly wounded, 83% to hit)
The searing ray hits the wyvern!
The wyvern is heavily wounded. (Press . to maintain the ray.)
The searing ray misses the wyvern.
The wyvern bites you! x2
Press: ? - help, v - describe, . - travel
Here: a wyvern (heavily wounded)
The floor.
Unknown command.
As you read the scroll of teleportation, it crumbles to dust.
You feel strangely unstable. The wyvern bites you!
* * * LOW HITPOINT WARNING * * *
The wyvern misses you. The wyvern bites you!
* * * LOW HITPOINT WARNING * * *
Your surroundings suddenly seem different. 2 centaurs, an ice dragon, a boulder beetle, a freezing wraith, a kobold brigand and a wolf spider come into view.
The kobold brigand is wielding a +0 club and quivering poisoned darts.
The centaur shouts!
The centaur warrior shouts!
The kobold brigand shouts!
The wolf spider hisses angrily.
The centaur hits you.
You die...

#.# ####### #.#
#.# #.#
########+#.#
.........#.#
.c.......#.#
D.....c..#.#####
.B.....@.#.....#
.........#)....#
.........#)....#
W........#.....#
.....K...#.....#
s........#.....#
########+#.#####
#)# #)####


You could see an ice dragon, a boulder beetle, a wolf spider, a centaur warrior,
a freezing wraith, a kobold brigand and a centaur.

Vanquished Creatures
  2 two-headed ogres
  A wraith (D:7)
  3 yaks (D:7)
  A steam dragon (D:6)
  Edmund (D:6)
  A water moccasin (D:8)
  A black bear (D:5)
  2 orc warriors
  2 ice beasts
  2 sky beasts
  An ogre (D:5)
  2 necrophages
  4 centaurs
  4 kobold brigands
  A phantom (D:5)
  3 bullfrogs
  A wyvern zombie (D:8)
  A scorpion (D:7)
  4 killer bees (D:8)
  5 wights (D:9)
  A howler monkey (D:5)
  A hound (D:5)
  A jelly (D:4)
  3 orc priests
  2 centaur skeletons
  An iron imp (D:8)
  6 orc wizards
  2 iguanas
  Natasha (twice) (D:3)
  2 killer bee zombies
  A hound skeleton (D:5)
  A howler monkey zombie (D:7)
  7 gnolls
  4 adders
  A shadow imp (D:7)
  2 dart slugs
  A worm (D:3)
  27 orcs
  2 bats
  5 endoplasms
  2 giant cockroaches
  10 goblins
  4 hobgoblins
  3 jackals (D:2)
  21 kobolds
  2 quokkas
  7 ball pythons
  4 frilled lizards
  13 rats
180 creatures vanquished.

Vanquished Creatures (collateral kills)
  A hornet (D:8)
1 creature vanquished.

Vanquished Creatures (others)
  A plant (D:3)
1 creature vanquished.

Grand Total: 182 creatures vanquished

Notes
Turn   | Place    | Note
-------+----------+-------------------------------------------
     0 | D:1      | Exodus22XD the Deep Elf Conjurer began the quest for the
                  | Orb.
     0 | D:1      | Reached XP level 1. HP: 10/10 MP: 6/6
   277 | D:1      | Reached skill level 4 in Spellcasting
   277 | D:1      | Reached XP level 2. HP: 15/15 MP: 3/9
  1275 | D:2      | Reached skill level 5 in Spellcasting
  1275 | D:2      | Reached XP level 3. HP: 18/19 MP: 6/11
  1326 | D:2      | Learned a level 2 spell: Searing Ray
  1403 | D:2      | Reached skill level 6 in Spellcasting
  1403 | D:2      | Reached XP level 4. HP: 18/24 MP: 0/14
  1860 | D:2      | Found a faded altar of an unknown god.
  2632 | D:3      | Noticed Natasha
  2635 | D:3      | Killed Natasha
  2636 | D:3      | Reached skill level 7 in Spellcasting
  2715 | D:3      | Found a glowing silver altar of Zin.
  2715 | D:3      | Found an opulent altar of Gozag.
  2813 | D:3      | Reached XP level 5. HP: 28/28 MP: 11/16
  3139 | D:3      | Noticed Natasha
  3146 | D:3      | Killed Natasha
  3403 | D:4      | Reached skill level 8 in Spellcasting
  3673 | D:4      | Noticed a necrophage
  3683 | D:4      | Killed a necrophage
  3684 | D:4      | Reached XP level 6. HP: 25/32 MP: 5/19
  3808 | D:5      | Entered Level 5 of the Dungeon
  3832 | D:5      | Reached skill level 9 in Spellcasting
  3987 | D:5      | Reached skill level 10 in Spellcasting
  3987 | D:5      | Reached XP level 7. HP: 36/36 MP: 10/22
  4021 | D:5      | Reached skill level 5 in Conjurations
  4193 | D:5      | Found a white marble altar of Elyvilon.
  4865 | D:6      | Found a shadowy altar of Dithmenos.
  5196 | D:6      | Noticed Edmund
  5202 | D:6      | Reached XP level 8. HP: 41/41 MP: 18/24
  5205 | D:6      | Killed Edmund
  5787 | D:6      | Found a staircase to the Ecumenical Temple.
  5794 | Temple   | Entered the Ecumenical Temple
  5844 | Temple   | Became a worshipper of Vehumet
  5885 | D:6      | Found a sacrificial altar of Ru.
  5885 | D:6      | Found a bloodstained altar of Trog.
  5885 | D:6      | Found a burning altar of Makhleb.
  6042 | D:7      | Reached skill level 10 in Conjurations
  6561 | D:7      | Reached XP level 9. HP: 33/45 MP: 17/25
  6763 | D:7      | Reached skill level 5 in Dodging
  7229 | D:8      | Reached * piety under Vehumet
  7229 | D:8      | Offered knowledge of Freeze by Vehumet.
  7473 | D:8      | Found a snail-covered altar of Cheibriados.
  7964 | D:8      | Noticed a two-headed ogre
  8027 | D:8      | Killed a two-headed ogre
  8028 | D:8      | Reached skill level 10 in Dodging
  8079 | D:8      | Reached XP level 10. HP: 50/50 MP: 17/26
  8479 | D:9      | Reached skill level 11 in Spellcasting
  8672 | D:9      | Noticed a two-headed ogre
  8691 | D:9      | Killed a two-headed ogre
  8697 | D:9      | Reached skill level 12 in Spellcasting
  8809 | D:9      | Reached ** piety under Vehumet
  8810 | D:9      | Reached skill level 1 in Evocations
  8862 | D:9      | Offered knowledge of Static Discharge by Vehumet.
  9059 | D:9      | HP: 1/50 [wyvern (14)]
  9060 | D:9      | Noticed a centaur warrior
  9060 | D:9      | Noticed an ice dragon
  9060 | D:9      | Noticed a boulder beetle
  9060 | D:9      | Noticed a wolf spider
  9060 | D:9      | Slain by a centaur

Illustrated notes

Levels and vault maps discovered:
D:1:      nzn_arrival_depleted_hourglass, layout_basic
D:2:      layout_basic, shapermc_ecumenical_altar_totnotflames
D:3:      minmay_chambers_of_threes, layout_loops_cross,
          grunt_temple_overflow_gold_and_silver, serial_bayou_lagoon_b,
          uniq_natasha
D:4:      layout_basic, nicolae_qazlal_style_of_elements, minivault_4
D:5:      layout_basic, general_overflow_altar
D:6:      layout_loops_corners, mainiacjoe_overflow_small_starburst,
          gammafunk_temple_overflow_claw, minmay_temple_entry_enclosed_plants,
          uniq_edmund
D:7:      layout_rooms, serial_rivers, chequers_serial_rivers_small_b,
          chequers_serial_rivers_micro_a, chequers_serial_rivers_small_b,
          chequers_serial_rivers_micro_d, st_stairs_13
D:8:      layout_loops_cross, slow_altar_2
D:9:      minmay_klotski, layout_basic, mainiacjoe_overflow_tiny_flanked,
          jmf_multi_god_temple2
Temple:   compressed_dpeg_triangle_lava_temple

Skill      XL: |  1  2  3  4  5  6  7  8  9 10 |
---------------+-------------------------------+-----
Spellcasting   | 4 5 6 7 8 10 12 | 12.1
Conjurations   | 7 11 | 11.0
Dodging        | 10 | 10.0
Evocations     | 2 |  2.8
Stealth        | |  2.4

Action                   |  1- 3 |  4- 6 |  7- 9 | 10-12 || total
-------------------------+-------+-------+-------+-------++-------
Melee: Dagger            |     1 |       |       |       ||     1
 Cast: Magic Dart        |    54 |    78 |    92 |    25 ||   249
       Searing Ray       |     2 |    12 |    56 |    23 ||    93
Evoke: Wand              |       |       |     1 |     4 ||     5
  Use: Scroll            |       |     4 |     3 |     3 ||    10
       Potion            |       |       |     3 |       ||     3
Armor: Robe              |     1 |     2 |    26 |     4 ||    33
       Skin              |       |       |    15 |       ||    15
Dodge: Dodged            |     2 |     4 |    55 |    40 ||   101
